 Dungeon Sprint DCSS version 0.14-a0-1863-gcc20582 (webtiles) character file.

1320 DasRunzen the Protected (level 9, -8/67 HPs)
             Began as a Formicid Fighter on Jan 13, 2014.
             Was an Elder of Makhleb.
             Mangled by a seven-headed hydra (9 damage)
             ... in the Dungeon (Sprint IX: "|||||||||||||||||||||||||||||").
             The game lasted 00:04:31 (1156 turns).

DasRunzen the Protected (Formicid Fighter)          Turns: 1156, Time: 00:04:31

HP  -8/67        AC 21     Str 22      XL: 9   Next: 13%
MP  11/11        EV  7     Int  7      God: Makhleb [****..]
Gold 0           SH 25     Dex 16      Spells:  0 memorised,  8 levels left

rFire  . . .     SeeInvis +     w - +2 dire flail (protect)
rCold  . . .     Clarity  .     m - +0 plate armour
rNeg   . . .     Conserve .     c - +0 shield
rPois  x         rCorr    .     (helmet unavailable)
rElec  .         rRot     .     (no cloak)
SustAb . .       Spirit   .     (no gloves)
rMut   .         Warding  .     (no boots)
Saprov . . .     Stasis   +     (no amulet)
MR     .....                    o - +2 ring of evasion
                                n - +3 ring of dexterity

@: not resistant to hostile enchantments, extremely unstealthy
A: permanent stasis, dig shafts and tunnels, four strong arms, poison weakness,
antennae 3, exoskeleton 1
a: Dig, Minor Destruction, Lesser Servant of Makhleb, Major Destruction,
Renounce Religion


You were in the Dungeon.
You worshipped Makhleb.
Makhleb was greatly pleased with you.
You were very hungry.

You visited 1 branch

Inventory:

Hand weapons
 a - a +0,+0 hand axe
 l - a +2,+3 war axe of freezing
 r - the +11,+2 battleaxe "Foneiggu" {drain, rF++ rN+ Dex-4 SInv}
   (You found it in the Dungeon)

   A truly terrible weapon, it drains the life of those it strikes.
   It affects your dexterity (-4).
   It greatly protects you from fire.
   It protects you from negative energy.
   It enhances your eyesight.
 w - a +2,+2 dire flail of protection (weapon)
Armour
 b - a +0 scale mail
 c - a +0 shield (worn)
 m - a +0 plate armour (worn)
Magical devices
 k - a wand of draining (7)
Comestibles
 d - a bread ration
Scrolls
 i - 3 scrolls of remove curse
 j - 2 scrolls of amnesia
 s - 3 scrolls of identify
 t - 2 scrolls of fog
 u - a scroll of fear
 v - 2 scrolls of enchant weapon II
Jewellery
 n - a +3 ring of dexterity (left hand)
 o - a +2 ring of evasion (right hand)
Potions
 e - 5 potions of curing
 g - a potion of invisibility
 h - 4 potions of magic
 p - 2 potions of brilliance
 q - a potion of resistance


   Skills:
 + Level 9.8 Fighting
 + Level 9.5 Axes
 + Level 11.5 Armour
 + Level 9.7 Shields
 + Level 1.7 Invocations


You had 8 spell levels left.
You didn't know any spells.

Dungeon Overview and Level Annotations

Branches:
Dungeon (1/1)

Altars:
Ashenzari
Cheibriados
Elyvilon
Fedhas
Kikubaaqudgha
Makhleb
Nemelex Xobeh
Okawaru
Sif Muna
Trog
Vehumet
Xom
Yredelemnul
Zin
the Shining One


Innate Abilities, Weirdness & Mutations

Your are under a permanent stasis effect.
You can dig through walls and to a lower floor.
Your four strong arms can wield any weapon, most with a shield.
You are susceptible to poison.
You have a pair of large antennae on your head (SInv).
Your body is surrounded by an exoskeleton. (HP +5, AC +1)


Message History

You block the seven-headed hydra's attack.
The seven-headed hydra bites you!
* * * LOW HITPOINT WARNING * * *
Drink which item? (? for menu, Esc to quit)
You feel much better. The seven-headed hydra bites you.
* * * LOW HITPOINT WARNING * * *
You block the seven-headed hydra's attack.
The seven-headed hydra bites you but does no damage.
You block the seven-headed hydra's attack.
The seven-headed hydra barely misses you.
The seven-headed hydra bites you but does no damage.
You barely miss the seven-headed hydra.
The seven-headed hydra is heavily wounded.
The seven-headed hydra bites you.
* * * LOW HITPOINT WARNING * * *
The seven-headed hydra bites you!
* * * LOW HITPOINT WARNING * * *
The seven-headed hydra bites you but does no damage.
The seven-headed hydra bites you!
You die...

{
▓.▓.▓.▓
▓.▓.▓.▓
▓!▓.▓.▓
▓.▓.▓.▓
▓.▓.▓.▓
▓.▓.▓)▓
▓l▓.▓.▓
▓D▓.▓.▓
▓@▓.▓.▓
▓.▓.▓.▓
▓.▓.▓.▓
▓.▓.▓.▓
▓.▓.▓.▓
▓.▓.▓.▓
▓...▓<▓
▓▓▓▓▓▓▓


You could see a seven-headed hydra and a basilisk.

Vanquished Creatures
  A cyclops (D)
  A basilisk (D)
  A steam dragon (D)
  A hippogriff (D)
  An orc warrior (D)
  A crocodile (D)
  A centaur (D)
  A wolf (D)
  A giant slug (D)
  2 crimson imps (D)
  A worker ant (D)
  An adder (D)
  2 worm zombies (D)
  A goblin (D)
  3 hobgoblins (D)
  2 bats (D)
  A giant newt (D)
  2 kobolds (D)
  A kobold zombie (D)
  A rat (D)
26 creatures vanquished.

Vanquished Creatures (others)
  A ynoxinul (D)
1 creature vanquished.

Grand Total: 27 creatures vanquished

Notes
Turn   | Place    | Note
--------------------------------------------------------------
     0 | D        | DasRunzen, the Formicid Fighter, began the quest for the Orb.
     0 | D        | Reached XP level 1. HP: 19/19 MP: 1/1
    17 | D        | Reached skill level 4 in Armour
   200 | D        | Reached XP level 2. HP: 24/24 MP: 2/2
   216 | D        | Reached XP level 3. HP: 15/29 MP: 3/3
   226 | D        | Found a snail-covered altar of Cheibriados.
   226 | D        | Found a blossoming altar of Fedhas.
   226 | D        | Found an ancient bone altar of Kikubaaqudgha.
   226 | D        | Found a bloodstained altar of Trog.
   226 | D        | Found a glowing golden altar of the Shining One.
   226 | D        | Found a blossoming altar of Fedhas.
   226 | D        | Found an iron altar of Okawaru.
   227 | D        | Found a shimmering altar of Xom.
   228 | D        | Found a white marble altar of Elyvilon.
   229 | D        | Found a glowing silver altar of Zin.
   230 | D        | Found a sparkling altar of Nemelex Xobeh.
   231 | D        | Found a snail-covered altar of Cheibriados.
   232 | D        | Found a radiant altar of Vehumet.
   233 | D        | Found a basalt altar of Yredelemnul.
   234 | D        | Found a deep blue altar of Sif Muna.
   235 | D        | Found a shattered altar of Ashenzari.
   236 | D        | Found a burning altar of Makhleb.
   245 | D        | Became a worshipper of Makhleb the Destroyer
   343 | D        | Noticed a crimson imp
   343 | D        | Noticed a crimson imp
   343 | D        | Noticed a centaur
   343 | D        | Noticed an orc warrior
   355 | D        | Killed a crimson imp
   355 | D        | Acquired Makhleb's first power
   355 | D        | Reached skill level 5 in Armour
   355 | D        | Reached XP level 4. HP: 26/35 MP: 4/4
   362 | D        | Killed a crimson imp
   362 | D        | Reached skill level 5 in Fighting
   362 | D        | Reached skill level 6 in Armour
   362 | D        | Reached skill level 5 in Shields
   362 | D        | Reached XP level 5. HP: 38/40 MP: 5/5
   374 | D        | Killed an orc warrior
   374 | D        | Acquired Makhleb's second power
   374 | D        | Reached skill level 5 in Axes
   374 | D        | Reached skill level 7 in Armour
   374 | D        | Reached XP level 6. HP: 44/47 MP: 6/6
   376 | D        | Killed a centaur
   376 | D        | Reached skill level 8 in Armour
   489 | D        | Noticed a worker ant
   489 | D        | Noticed a basilisk
   489 | D        | Noticed a steam dragon
   489 | D        | Noticed a crocodile
   489 | D        | Noticed a cyclops
   489 | D        | Noticed a hippogriff
   495 | D        | Killed a hippogriff
   495 | D        | Reached skill level 9 in Armour
   495 | D        | Reached XP level 7. HP: 50/53 MP: 7/7
   502 | D        | Killed a cyclops
   502 | D        | Acquired Makhleb's third power
   502 | D        | Reached skill level 10 in Armour
   502 | D        | Reached XP level 8. HP: 57/61 MP: 8/8
   506 | D        | Killed a crocodile
   510 | D        | Killed a steam dragon
   510 | D        | Reached skill level 11 in Armour
   539 | D        | Killed a basilisk
   539 | D        | Reached XP level 9. HP: 34/66 MP: 9/9
   540 | D        | Killed a worker ant
   542 | D        | Acquired Makhleb's fourth power
   745 | D        | Got the +11,+2 battleaxe "Foneiggu" {drain, rF++ rN+ Dex-4 SInv}
   763 | D        | Noticed a porcupine
   763 | D        | Noticed a basilisk
   763 | D        | Noticed a seven-headed hydra
   763 | D        | Noticed a giant slug
   763 | D        | Noticed a wolf
   766 | D        | Noticed a giant frog
   768 | D        | Killed a wolf
   768 | D        | Reached skill level 1 in Invocations
   775 | D        | Killed a giant slug
   776 | D        | Acquired Makhleb's fifth power
  1153 | D        | HP: 3/67 [seven-headed hydra (9)]
  1156 | D        | HP: 1/67 [seven-headed hydra (9)]
  1156 | D        | Mangled by a seven-headed hydra

Action                   |  1- 3 |  4- 6 |  7- 9 || total
-------------------------+-------+-------+-------++-------
Melee: Hand axe          |    42 |       |       ||    42
       War axe           |    11 |    30 |    26 ||    67
       Dire flail        |       |       |    11 ||    11
       Battleaxe         |       |       |    11 ||    11
Invok: Lesser Servant of |       |       |     1 ||     1
  Use: Potion            |     1 |     2 |     5 ||     8
